 Dungeon Crawl Stone Soup version 0.30-a0-726-gd89dcf765f (webtiles) character file.

Game seed: 11725927682208859772

169207 octoduck the Devastator (level 17, -2/102 HPs)
             Began as a Deep Elf Conjurer on Jan 27, 2023.
             Was a High Priest of Vehumet.
             Slain by a salamander
             ... wielding a +0 spear
              (7 damage)
             ... on level 4 of the Snake Pit on Jan 29, 2023.
             The game lasted 04:39:54 (62143 turns).

octoduck the Devastator (Deep Elf Conjurer)        Turns: 62143, Time: 04:39:55

Health: -2/102     AC: 22    Str: 10    XL:     17   Next: 35%
Magic:  5/36       EV: 38    Int: 34    God:    Vehumet [*****.]
Gold:   1067       SH:  5    Dex: 18    Spells: 2/43 levels left

rFire   + . .      SeeInvis +    v - +1 falchion "Cuplada" {flame, Str+4 Dex+3 SInv}
rCold   + . .      Faith    .    Q - +0 buckler
rNeg    . . .      Spirit   .    J - +4 steam dragon scales
rPois   +          Reflect  .    l - +0 helmet
rElec   +          Harm     .    q - +2 cloak {Stlth+}
rCorr   +          Rampage  .    m - +0 pair of gloves
Will    +....                    o - +2 pair of boots
Stlth   ++++                     i - amulet of the acrobat
HPRegen 0.37/turn                W - +6 ring of intelligence
MPRegen 0.25/turn                R - +4 ring of protection

@: about to teleport, resistant, acrobatic
A: no striking features
a: Renounce Religion


You were on level 4 of the Snake Pit.
You worshipped Vehumet.
Vehumet was extremely pleased with you.
You visited 6 branches of the dungeon, and saw 31 of its levels.
You also visited: Sewer and Ice Cave.

You collected 2930 gold pieces.
You spent 1863 gold pieces at shops.

Inventory:

Hand Weapons
 v - the +1 falchion "Cuplada" (weapon) {flame, Str+4 Dex+3 SInv}
   (You bought it in a shop on level 1 of the Shoals)

   Str:       It affects your strength (+4).
   Dex:       It affects your dexterity (+3).
   SInv:      It lets you see invisible.
 B - the +9 trident of the Sneaky Artisans {freeze, Stlth+}
   (You found it on level 5 of the Dungeon)

   Stlth:     It makes you more stealthy.
 M - the +4 short sword "Xatyxo" {protect, Fly rN+++ Dex-5 Stlth+}
   (You found it on level 11 of the Dungeon)

   Dex:       It affects your dexterity (-5).
   rN:        It renders you almost immune to negative energy.
   Fly:       It grants you flight.
   Stlth:     It makes you more stealthy.
Armour
 h - a +2 robe of willpower
 l - a +0 helmet (worn)
 m - a +0 pair of gloves (worn)
 o - a +2 pair of boots (worn)
 q - a +2 cloak of stealth (worn)
 E - the +2 leather armour of the Stag {rF+ rC+ rCorr}
   (You bought it in a shop on level 2 of the Orcish Mines)

   rF:        It protects you from fire.
   rC:        It protects you from cold.
   rCorr:     It protects you from acid and corrosion.
 J - +4 steam dragon scales (worn)
 Q - a +0 buckler (worn)
Magical Staves
 C - a staff of conjuration
Jewellery
 b - a ring of protection from cold
 d - an amulet of reflection
 i - an amulet of the acrobat (around neck)
 x - a ring of resist corrosion
 H - a ring of see invisible
 N - a +6 ring of intelligence
 R - a +4 ring of protection (right hand)
 V - a ring of willpower
 W - a +6 ring of intelligence (left hand)
Wands
 a - a wand of polymorph (8)
 s - a wand of quicksilver (26)
 u - a wand of roots (9)
 D - a wand of mindburst (7)
 F - a wand of flame (15)
 U - a wand of paralysis (13)
Scrolls
 e - 2 scrolls of fear
 w - 3 scrolls of magic mapping
 y - 3 scrolls of fog
 G - 9 scrolls of teleportation
 I - 5 scrolls of enchant weapon
 K - a scroll of blinking
 O - 2 scrolls of brand weapon
 S - 17 scrolls of identify
 T - a scroll of butterflies
 X - 5 scrolls of silence
Potions
 c - 2 potions of ambrosia
 f - 6 potions of brilliance
 g - 8 potions of attraction
 j - 11 potions of curing
 p - 6 potions of flight
 r - a potion of haste
 t - 2 potions of resistance
 z - 3 potions of might
 A - 6 potions of mutation
 L - 2 potions of cancellation
 Y - 3 potions of lignification
 Z - 2 potions of berserk rage


   Skills:
 - Level 10.0 Fighting
 - Level 2.7 Armour
 - Level 17.4 Dodging
 - Level 4.6 Stealth
 - Level 4.2 Shields
 + Level 13.5 Spellcasting
 - Level 18.3 Conjurations
 - Level 7.5 Hexes
 * Level 11.1 Summonings
 - Level 2.8 Fire Magic
 - Level 11.1 Air Magic
 - Level 4.9 Poison Magic


You had 2 spell levels left.
You knew the following spells:

 Your Spells              Type           Power      Damage    Failure   Level
a - Magic Dart            Conj           100%       1d8       0%          1
b - Searing Ray           Conj           100%       2d8       0%          2
c - Dazzling Flash        Conj/Hex       100%       N/A       1%          3
d - Mephitic Cloud        Conj/Pois/Air  79%        N/A       1%          3
e - Ignite Poison         Fire/Tmut/Pois 40%        N/A       1%          3
f - Fulminant Prism       Conj/Hex       42%        3d19      1%          4
g - Flame Wave            Conj/Fire      76%        2d17      1%          4
h - Swiftness             Air            78%        N/A       1%          3
i - Spellforged Servitor  Conj/Summ      44%        N/A       1%          7
j - Airstrike             Air            39%        2d(6-22)  1%          4
k - Summon Hydra          Summ           39%        N/A       21%         7

Your spell library contained the following spells:

 Spells                   Type           Power      Damage    Failure   Level
 Ignition                 Fire           21%        3d8       100%        8
 Shock                    Conj/Air       100%       1d9       0%          1
 Kiss of Death            Conj/Necr      100%       2d13      1%          1
 Sting                    Tmut/Pois      100%       1d8       1%          1
 Cigotuvi's Dreadful Rot  Necr/Pois/Air  100%       N/A       1%          2
 Poisonous Vapours        Pois/Air       100%       N/A       1%          2
 Scorch                   Fire           84%        2d9       1%          2
 Sublimation of Blood     Necr           23%        N/A       3%          2
 Confusing Touch          Hex            65%        N/A       1%          3
 Hailstorm                Conj/Ice       71%        3d15      1%          3
 Stone Arrow              Conj/Erth      100%       3d13      1%          3
 Iskenderun's Mystic Bla  Conj/Tloc      71%        2d14      1%          4
 Olgreb's Toxic Radiance  Pois           54%        N/A       1%          4
 Summon Lightning Spire   Summ/Air       78%        N/A       1%          4
 Irradiate                Conj/Tmut      35%        3d23      1%          5
 Lightning Bolt           Conj/Air       44%        1d64      1%          5
 Summon Mana Viper        Hex/Summ       72%        N/A       1%          5
 Starburst                Conj/Fire      38%        6d11      1%          6
 Summon Ice Beast         Ice/Summ       57%        N/A       2%          4
 Summon Cactus Giant      Summ           39%        N/A       3%          6
 Anguish                  Hex/Necr       24%        N/A       4%          4
 Gell's Gravitas          Tloc           23%        N/A       7%          3
 Teleport Other           Tloc           23%        N/A       7%          3
 Summon Forest            Summ/Tloc      28%        N/A       7%          5
 Metabolic Englaciation   Hex/Ice        24%        N/A       14%         5
 Monstrous Menagerie      Summ           39%        N/A       21%         7
 Dispel Undead            Necr           23%        3d12      24%         4
 Ice Form                 Ice/Tmut       23%        N/A       24%         4
 Petrify                  Tmut/Erth      23%        N/A       24%         4
 Eringya's Noxious Bog    Tmut/Pois      19%        N/A       32%         6
 Maxwell's Capacitive Co  Air            39%        ∞         36%         8
 Blade Hands              Tmut           11%        N/A       54%         5
 Enfeeble                 Hex            32%        N/A       65%         7
 Storm Form               Tmut/Air       28%        N/A       90%         7
 Death Channel            Necr           11%        N/A       98%         6
 Dispersal                Tloc           11%        N/A       98%         6
 Simulacrum               Ice/Necr       11%        N/A       98%         6
 Statue Form              Tmut/Erth      15%        N/A       98%         6
 Dragon Form              Tmut           11%        N/A       100%        7


Dungeon Overview and Level Annotations

Branches:
Dungeon (15/15)            Temple (1/1) D:5            Lair (5/5) D:9
 Shoals (4/4) Lair:3        Snake (4/4) Lair:3        Slime (0/5) Lair:4
    Orc (2/2) D:9             Elf (0/3) Orc:2        Vaults (0/5) D:13
 Depths (0/4) D:15          Sewer (visited)           IceCv (visited)

Altars:
Ashenzari
Cheibriados
Dithmenos
Elyvilon
Fedhas
Gozag
Kikubaaqudgha
Makhleb
Nemelex Xobeh
Okawaru
Qazlal
Sif Muna
Trog
Vehumet
Wu Jian
Xom
Zin
The Shining One
Jiyva

Shops:
D:4 :   Orc:2 *=[(   Shoals:1 [(*(   Shoals:3 :   Snake:2 *   Snake:3 ?!*

Annotations:
Lair:2 3 runed translucent doors, exclusion: downstairs, Newt's ghost, journeyman DsGl; ziggurnaut's ghost, journeyman DEFE
Lair:4 1 runed translucent door, exclusion: door, avis's ghost, journeyman DgHu
Shoals:2 Nikola
Shoals:4 Mlioglotl
Snake:4 Vashnia


Message History

You feel strangely unstable. The mana viper completely misses you.
The mana viper bites you.
You feel your power leaking away. The black mamba completely misses you.
The naga misses you. The naga barely misses you. The salamander misses you.
The mana viper bites you!
You feel your power leaking away.
The naga warrior hits you but does no damage.
The naga warrior constricts you.
The mana viper bites you but does no damage.
The naga warrior spits poison at you.
The splash of poison hits you but does no damage.
You resist. The black mamba misses you.
Okay, then.
As you read the scroll of fear, it crumbles to dust.
You assume a fearsome visage.
The anaconda looks frightened!
The mana viper resists with almost no effort.
The naga warrior looks frightened!
The mana viper resists with almost no effort.
The guardian serpent looks frightened!
The naga warrior easily resists.
The naga looks frightened!
The naga easily resists.
The naga resists with some effort.
The shock serpent looks frightened!
The shock serpent hisses angrily.
The mana viper looks frightened!
The black mamba looks frightened!
The salamander resists with some effort.
The naga completely misses you. The mana viper bites you!
You feel your power leaking away.
The salamander hits you with a +0 spear!
* * * LOW HITPOINT WARNING * * *
You are engulfed in flames.
You resist.
* * * LOW HITPOINT WARNING * * *
You block the naga warrior's attack. The naga warrior constricts you.
* * * LOW HITPOINT WARNING * * *
You escape the naga warrior's grasp.
The mana viper attacks as you move away!
The mana viper closely misses you.
The salamander hits you with a +0 spear.
* * * LOW HITPOINT WARNING * * *
You are engulfed in flames!
You resist.
You die...

#..)... #...
#.....#####..N..
#.)..[#..S.....#
#..)..#.<...N# #.
#.)..#..S####...
#....#####S.....
#..N[........... .
#...............
....#....NN@[.......
#........SS.........
#......S..NN.S......
.........N.......(..
....................
..........(.....[###
.....#S...###....#
....##.#### .....#
...# ## .....#


You could see 2 naga warriors, a salamander (strong), an anaconda (fleeing), 3
mana vipers, a guardian serpent (fleeing), a black mamba (fleeing) and 3 nagas.

Vanquished Creatures
  Jorgrun (D:12)
  Kirke (D:13)
  2 nagarajas (Snake:4)
  A frost giant (Shoals:1)
  An orc warlord (Orc:2)
  A reaper (IceCv)
  A stone giant (Shoals:1)
  Josephine (D:11)
  An ettin (D:15)
  A vault guard (D:13)
  A rakshasa (D:13)
  11 hydras
  A merfolk avatar (Shoals:1)
  5 catoblepae
  2 anacondas
  5 centaur warriors
  A merfolk aquamancer (Shoals:2)
  A boulder beetle (D:13)
  5 two-headed ogres
  A satyr (Shoals:3)
  2 naga warriors
  6 death yaks
  Urug (Orc:1)
  A shock serpent (Snake:4)
  3 tengu warriors
  4 naga sharpshooters
  Nergalle (D:12)
  A deep troll (D:15)
  6 skeletal warriors
  3 sea snakes
  2 wizards
  2 naga ritualists (Snake:3)
  2 orc knights
  8 harpies
  2 necromancers
  9 ugly things
  3 lindwurms
  6 mana vipers
  4 fauns
  2 orc sorcerers (Orc:2)
  7 cyclopes
  A deep elf pyromancer (D:12)
  7 manticores
  2 oklob plants (Shoals:2)
  A salamander (Snake:1)
  Joseph (D:8)
  3 merfolk sirens
  13 elephants
  A water nymph (Shoals:1)
  12 black mambas
  A gargoyle (D:13)
  8 naga magi
  14 cane toads
  2 ice statues (IceCv)
  A guardian serpent (Snake:3)
  A yaktaur (D:13)
  A kobold demonologist (D:12)
  3 komodo dragons
  2 rime drakes (Lair:5)
  3 efreet (D:13)
  An anaconda simulacrum (IceCv)
  2 tengu conjurers (D:14)
  7 ice devils (IceCv)
  2 merfolk (Shoals:1)
  A meliai (D:13)
  8 trolls
  5 wind drakes
  4 polar bears
  2 hornets
  A snapping turtle (Shoals:3)
  7 dream sheep (Lair:4)
  10 blink frogs
  3 shadows
  2 wyverns (D:9)
  6 slime creatures
  5 wraiths
  2 hogs (D:13)
  45 yaks
  A water elemental (Shoals:1)
  A vampire (D:11)
  A human (shapeshifter) (D:13)
  3 basilisks
  10 vampire mosquitoes
  2 steam dragons (D:7)
  2 death yak simulacra (IceCv)
  A harpy simulacrum (IceCv)
  15 nagas
  2 acid dragons
  2 wargs (Orc:2)
  A hydra simulacrum (IceCv)
  11 water moccasins
  2 sky beasts
  31 orc warriors
  An ice beast (D:7)
  3 black bears
  8 ogres
  14 wolves
  12 centaurs
  6 kobold brigands
  16 bullfrogs
  3 necrophages
  8 gnoll sergeants
  4 two-headed ogre simulacra
  A cane toad simulacrum (IceCv)
  A wight (D:8)
  4 killer bees
  8 howler monkeys
  2 vampire bats (Lair:1)
  8 hounds
  2 jellies
  6 gnoll boudas
  25 orc priests
  Jessica (D:3)
  4 iguanas
  28 orc wizards
  A polar bear simulacrum (IceCv)
  3 spriggan simulacra (IceCv)
  2 troll simulacra (IceCv)
  2 wolf simulacra (IceCv)
  Robin (D:2)
  36 gnolls
  6 adders
  2 naga simulacra
  3 river rats (Sewer)
  4 shadow imps
  7 white imps
  An ufetubus (IceCv)
  6 worms
  3 dart slugs
  101 orcs
  3 ball pythons
  13 bats
  4 endoplasms
  6 giant cockroaches
  9 goblins
  8 hobgoblins
  12 jackals
  24 kobolds
  A quokka (D:3)
  4 frilled lizards
  11 rats
  A fulminant prism (Lair:4)
833 creatures vanquished.

Vanquished Creatures (collateral kills)
  Aizul (Shoals:1)
  2 merfolk avatars
  3 anacondas
  A boulder beetle (D:15)
  A death knight (D:15)
  An alligator snapping turtle (Shoals:2)
  A tengu warrior (D:15)
  A naga sharpshooter (Snake:3)
  9 naga warriors
  A hell knight (D:15)
  A shock serpent (Snake:2)
  2 salamander mystics
  4 sea snakes (Shoals:2)
  A skeletal warrior (D:13)
  2 naga ritualists
  A wizard (D:15)
  10 harpies
  4 mana vipers
  3 ugly things
  7 fauns
  4 salamanders
  3 cyclopes
  A manticore (Shoals:2)
  9 naga magi
  3 merfolk sirens (Shoals:2)
  A guardian serpent (Snake:4)
  12 black mambas
  A water nymph (Shoals:3)
  2 wind drakes (Shoals:3)
  6 merfolk
  4 snapping turtles
  5 water elementals
  14 nagas
121 creatures vanquished.

Vanquished Creatures (others)
  A yak (Lair:5)
  3 humans (D:13)
  An orc (D:12)
  225 fulminant prisms
  46 fungi
  184 plants
460 creatures vanquished.

Grand Total: 1414 creatures vanquished

Notes
Turn   | Place    | Note
-------+----------+-------------------------------------------
     0 | D:1      | octoduck the Deep Elf Conjurer began the quest for the Orb.
     0 | D:1      | Reached XP level 1. HP: 10/10 MP: 6/6
   333 | D:1      | Reached XP level 2. HP: 15/15 MP: 6/8
   455 | D:1      | Reached skill level 5 in Conjurations
  1039 | D:2      | Reached XP level 3. HP: 19/19 MP: 7/9
  1060 | D:2      | Learned a level 3 spell: Dazzling Flash
  1524 | D:2      | Reached skill level 1 in Hexes
  1589 | D:2      | Identified the +5 scale mail of the Imp {rCorr Str+4 Dex+2}
  1595 | D:2      | Found a faded altar of an unknown god.
  1950 | D:2      | Noticed Robin
  2254 | D:2      | Learned a level 2 spell: Searing Ray
  2280 | D:3      | Found a burning altar of Makhleb.
  2364 | D:3      | Found a snail-covered altar of Cheibriados.
  2465 | D:3      | Found a blossoming altar of Fedhas.
  2550 | D:3      | Reached skill level 6 in Conjurations
  2550 | D:3      | Reached XP level 4. HP: 24/24 MP: 2/10
  2929 | D:3      | Found a radiant altar of Vehumet.
  2938 | D:3      | Became a worshipper of Vehumet
  2988 | D:3      | Found an opulent altar of Gozag.
  2989 | D:3      | Found a glowing silver altar of Zin.
  3042 | D:3      | Noticed Jessica
  3150 | D:3      | Found a glowing golden altar of the Shining One.
  3211 | D:3      | Found a sparkling altar of Nemelex Xobeh.
  3308 | D:2      | Reached XP level 5. HP: 27/28 MP: 3/11
  3467 | D:2      | Found a glowing silver altar of Zin.
  3619 | D:2      | Killed Robin
  4105 | D:4      | Found a glowing drain.
  4215 | Sewer    | Entered a sewer
  4216 | Sewer    | Reached * piety under Vehumet
  4216 | Sewer    | Offered knowledge of Sandblast by Vehumet.
  4328 | Sewer    | Reached XP level 6. HP: 32/32 MP: 10/12
  4501 | Sewer    | Reached skill level 7 in Conjurations
  4612 | Sewer    | Found a white marble altar of Elyvilon.
  4789 | D:4      | Reached skill level 5 in Dodging
  4914 | D:4      | Found Dubbot's Book Shop.
  5491 | D:4      | Learned a level 3 spell: Mephitic Cloud
  5513 | D:4      | Reached XP level 7. HP: 36/36 MP: 8/13
  5636 | D:4      | Offered knowledge of Scorch by Vehumet.
  5721 | D:5      | Entered Level 5 of the Dungeon
  5731 | D:5      | Reached ** piety under Vehumet
  5732 | D:5      | Reached skill level 1 in Air Magic
  6000 | D:3      | Killed Jessica
  6282 | D:5      | Found a staircase to the Ecumenical Temple.
  6379 | Temple   | Entered the Ecumenical Temple
  6414 | D:5      | Found a shimmering blue altar of Sif Muna.
  6988 | D:5      | Identified the +9 trident of the Sneaky Artisans {freeze,
                  | Stlth+}
  7603 | D:6      | Reached XP level 8. HP: 37/41 MP: 4/14
  7737 | D:6      | Reached skill level 8 in Conjurations
  7737 | D:6      | Found a white marble altar of Elyvilon.
  8373 | D:6      | Found an iron altar of Okawaru.
  8442 | D:6      | Offered knowledge of Ignite Poison by Vehumet.
  8472 | D:6      | Learned a level 3 spell: Ignite Poison
  8553 | D:7      | Reached skill level 1 in Poison Magic
 10061 | D:7      | Reached *** piety under Vehumet
 10470 | D:7      | Found a shimmering altar of Xom.
 10566 | D:7      | Reached XP level 9. HP: 38/45 MP: 2/15
 10734 | D:7      | Reached skill level 9 in Conjurations
 11930 | D:7      | Noticed a cyan ugly thing
 12323 | D:7      | Reached skill level 10 in Conjurations
 12564 | D:7      | Offered knowledge of Kindle Blastsparks by Vehumet.
 13687 | D:8      | Reached skill level 10 in Dodging
 13864 | D:8      | Found a shadowy altar of Dithmenos.
 13880 | D:8      | Noticed a two-headed ogre
 13954 | D:8      | Found an ornate altar of the Wu Jian Council.
 14102 | D:8      | Reached **** piety under Vehumet
 14303 | D:8      | Reached XP level 10. HP: 42/50 MP: 6/16
 14598 | D:8      | Noticed Joseph
 14628 | D:8      | Killed a two-headed ogre
 14629 | D:8      | Reached skill level 5 in Spellcasting
 14751 | D:8      | Learned a level 4 spell: Fulminant Prism
 15032 | D:8      | Reached skill level 11 in Conjurations
 15085 | D:8      | Killed Joseph
 15097 | D:8      | Offered knowledge of Flame Wave by Vehumet.
 15412 | D:8      | Learned a level 4 spell: Flame Wave
 15576 | D:8      | Reached skill level 5 in Hexes
 16309 | D:9      | Noticed a two-headed ogre
 16325 | D:9      | Killed a two-headed ogre
 16494 | D:9      | Found a staircase to the Lair.
 16775 | D:9      | Reached skill level 12 in Conjurations
 16929 | D:9      | Found a staircase to the Orcish Mines.
 16971 | D:9      | Paralysed by a gnoll for 5 turns
 17149 | D:9      | Reached XP level 11. HP: 54/54 MP: 6/21
 17354 | D:4      | Bought a book of Air for 220 gold pieces
 18632 | D:10     | Entered Level 10 of the Dungeon
 18636 | D:10     | Noticed a two-headed ogre
 18644 | D:10     | Killed a two-headed ogre
 18810 | D:10     | Found an ancient bone altar of Kikubaaqudgha.
 18985 | D:10     | Reached skill level 5 in Air Magic
 19601 | D:10     | Reached ***** piety under Vehumet
 19609 | D:10     | Offered knowledge of Lee's Rapid Deconstruction by Vehumet.
 19941 | D:11     | Found a frozen archway.
 19967 | D:11     | Identified the +4 short sword "Xatyxo" {protect, Fly rN+++
                  | Dex-5 Stlth+}
 20042 | IceCv    | Entered an ice cave
 20716 | IceCv    | Reached skill level 13 in Conjurations
 21556 | IceCv    | Noticed a reaper
 21617 | IceCv    | Killed a reaper
 22038 | IceCv    | Reached XP level 12. HP: 55/59 MP: 9/22
 23438 | Lair:1   | Entered Level 1 of the Lair of Beasts
 23460 | D:9      | HP: 1/59 [poisoned by a cane toad]
 23569 | Lair:1   | Reached skill level 1 in Shields
 24303 | Lair:1   | Offered knowledge of Freezing Cloud by Vehumet.
 24312 | Lair:1   | Learned a level 3 spell: Swiftness
 24441 | Lair:1   | Found the +18 Lear's hauberk
 24845 | Lair:1   | Reached skill level 14 in Conjurations
 25945 | Lair:2   | Found a runed translucent gate.
 25945 | Lair:2   | Found a runed translucent gate.
 25945 | Lair:2   | Found a runed translucent gate.
 26896 | Lair:2   | Noticed ziggurnaut's ghost (journeyman DEFE)
 26896 | Lair:2   | Noticed Newt's ghost (journeyman DsGl)
 26924 | Lair:3   | Noticed an eight-headed hydra
 26988 | Lair:3   | Noticed a catoblepas
 27229 | Orc:1    | Entered Level 1 of the Orcish Mines
 27242 | D:9      | Reached skill level 1 in Fighting
 27825 | Orc:2    | Entered Level 2 of the Orcish Mines
 27953 | Orc:2    | Reached skill level 15 in Conjurations
 28089 | Orc:2    | Noticed Urug
 28540 | Lair:3   | Identified the +1 ring mail of Courage {Contam rC++ MP-9
                  | Slay+3}
 28763 | Lair:3   | Noticed a four-headed hydra
 28768 | Lair:3   | Killed a four-headed hydra
 28944 | Lair:3   | You fall into a shaft and drop 2 floors!
 28944 | Lair:5   | Entered Level 5 of the Lair of Beasts
 29188 | Lair:4   | Noticed an eight-headed hydra
 29323 | Lair:3   | Killed a catoblepas
 29324 | Lair:3   | Reached XP level 13. HP: 62/69 MP: 7/24
 29487 | Lair:4   | Found a viscous altar of Jiyva.
 29487 | Lair:4   | Found a staircase to the Slime Pits.
 29538 | Lair:4   | Found a runed translucent door.
 29539 | Lair:4   | Found a shimmering altar of Xom.
 29539 | Lair:4   | Noticed avis's ghost (journeyman DgHu)
 30473 | Lair:3   | Reached skill level 5 in Fighting
 30473 | Lair:3   | Reached skill level 16 in Conjurations
 31019 | Lair:3   | Found a staircase to the Shoals.
 31030 | Lair:3   | Offered knowledge of Spellforged Servitor by Vehumet.
 31234 | Lair:3   | Found a staircase to the Snake Pit.
 32869 | Lair:4   | Learned a level 7 spell: Spellforged Servitor
 32895 | Lair:5   | Reached skill level 1 in Summonings
 34061 | Lair:5   | Reached skill level 5 in Summonings
 34238 | Lair:5   | Reached XP level 14. HP: 75/78 MP: 22/29
 36282 | Lair:5   | Reached skill level 15 in Dodging
 36549 | Orc:1    | Killed Urug
 36919 | Orc:1    | Offered knowledge of Arcjolt by Vehumet.
 37138 | Orc:2    | Found a staircase to the Elven Halls.
 38510 | Orc:2    | Found Nunomnyo's Jewellery Emporium.
 38722 | Orc:2    | Found Zuherr's Assorted Antiques.
 38790 | Orc:2    | Noticed an orc warlord
 38815 | Orc:2    | Killed an orc warlord
 38996 | Orc:2    | Found Zaofrair's Antique Armour Emporium.
 39000 | Orc:2    | Found Caavvugg's Antique Weapon Shoppe.
 39020 | Orc:2    | Upgraded the game from 0.30-a0-722-g3e6e8c874d to
                  | 0.30-a0-723-gc1506a1cf0
 39046 | Orc:2    | Bought a runed cloak for 277 gold pieces
 39057 | Orc:2    | Bought a heavily runed leather armour for 259 gold pieces
 39057 | Orc:2    | Identified the +2 leather armour of the Stag {rF+ rC+
                  | rCorr} (You bought it in a shop on level 2 of the Orcish
                  | Mines)
 39215 | Orc:2    | Bought a +6 ring of intelligence for 432 gold pieces
 39347 | D:12     | Noticed Josephine
 39369 | D:11     | Killed Josephine
 39924 | D:12     | Got the Cyclopedia of the Volley
 40933 | D:13     | Reached skill level 17 in Conjurations
 40940 | D:13     | Noticed Kirke
 40947 | D:13     | Killed Kirke
 41167 | D:12     | Noticed Nergalle
 41179 | D:12     | Killed Nergalle
 41351 | D:13     | Noticed Jorgrun
 41477 | D:12     | Killed Jorgrun
 41478 | D:12     | Reached XP level 15. HP: 6/82 MP: 3/30
 42177 | D:13     | Offered knowledge of Ozocubu's Refrigeration by Vehumet.
 43027 | D:13     | Found the +8 whip "Snakebite" {venom, curare, rPois}
 43032 | D:13     | Found a gate to the Vaults.
 43136 | D:14     | Reached skill level 10 in Spellcasting
 43583 | D:14     | Learned a level 4 spell: Airstrike
 44008 | D:14     | Found a sparkling altar of Nemelex Xobeh.
 44119 | D:14     | Reached skill level 18 in Conjurations
 45598 | D:15     | Entered Level 15 of the Dungeon
 45598 | D:15     | Found an ancient bone altar of Kikubaaqudgha.
 45944 | D:15     | Found a staircase to the Depths.
 47762 | Shoals:1 | Entered Level 1 of the Shoals
 47762 | Shoals:1 | Found Guny's Antique Weapon Emporium.
 47838 | Shoals:1 | Bought a dazzling falchion for 232 gold pieces
 47838 | Shoals:1 | Identified the +1 falchion "Cuplada" {flame, Str+4 Dex+3
                  | SInv} (You bought it in a shop on level 1 of the Shoals)
 47885 | Shoals:1 | Found Qowenn's Assorted Antiques.
 47898 | Shoals:1 | Bought a scroll of enchant armour for 255 gold pieces
 48220 | Shoals:1 | Noticed Aizul
 48234 | Shoals:1 | Killed Aizul
 48234 | Shoals:1 | Offered knowledge of Iron Shot by Vehumet.
 48707 | Shoals:1 | Found Dibin's Antique Weapon Emporium.
 48739 | Shoals:1 | Found Wiupniro's Antique Armour Shop.
 48747 | Shoals:1 | Bought a wizard robe for 188 gold pieces
 48747 | Shoals:1 | Identified the +0 robe "Femil" {Str+3} (You bought it in a
                  | shop on level 1 of the Shoals)
 49441 | Shoals:1 | Noticed a frost giant
 49459 | Shoals:1 | Killed a frost giant
 49460 | Shoals:1 | Reached skill level 10 in Air Magic
 50138 | Shoals:2 | Noticed Nikola
 50553 | Shoals:2 | Reached XP level 16. HP: 92/92 MP: 10/32
 52471 | Shoals:2 | Upgraded the game from 0.30-a0-723-gc1506a1cf0 to
                  | 0.30-a0-726-gd89dcf765f
 54132 | Shoals:3 | Found Sagyut's Vocational Training.
 54678 | Shoals:4 | Entered Level 4 of the Shoals
 54678 | Shoals:4 | Noticed Mlioglotl
 54788 | Snake:1  | Entered Level 1 of the Snake Pit
 55888 | Snake:1  | Reached ****** piety under Vehumet
 56122 | Snake:1  | Reached skill level 10 in Fighting
 56456 | Snake:1  | Identified the +5 mace of Floods {holy, Drain Int+6}
 56491 | Snake:1  | Reached skill level 1 in Armour
 57805 | Snake:2  | Found Xyurosut's Overcharged Wands.
 58142 | Snake:2  | Offered knowledge of Ignition by Vehumet.
 58143 | Snake:2  | Reached skill level 10 in Summonings
 59224 | Snake:3  | Reached skill level 1 in Fire Magic
 59232 | Snake:3  | Reached XP level 17. HP: 102/102 MP: 18/34
 59751 | Snake:3  | Found a stormy altar of Qazlal.
 60853 | Snake:3  | Found Jytisek's Distillery.
 60853 | Snake:3  | Found Joyriot's Assorted Antiques.
 60873 | Snake:3  | Found Rutukeq's Magic Scroll Shop.
 61059 | Snake:3  | Learned a level 7 spell: Summon Hydra
 61072 | Snake:4  | Entered Level 4 of the Snake Pit
 61414 | Snake:4  | Noticed Vashnia
 62143 | Snake:4  | HP: 5/102 [salamander/+0 spear (6)]
 62143 | Snake:4  | Slain by a salamander

Illustrated notes

Levels and vault maps discovered:
D:1:      minmay_arrival_open_corners, layout_rooms, due_unseen_surprise
D:2:      layout_loops_corners, basic_altar,
          shapermc_ecumenical_altar_mp_ritualfount, kennysheep_generic_room_13,
          uniq_robin
D:3:      layout_loops_cross, grunt_temple_overflow_gold_and_silver,
          mainiacjoe_overflow_concentric_impassable,
          mainiacjoe_overflow_two_lobes, overflow_temple_1_default,
          nicolae_vehumet_altar_sigil, mainiacjoe_overflow_24_doors,
          kennysheep_jessica_study
D:4:      layout_basic, gup_sewer_entry_glass, serial_shops, nicolae_square_shop
D:5:      layout_basic, mainiacjoe_overflow_cross_hatched,
          minmay_temple_entry_overgrown
D:6:      layout_gridville, marbit_many_paths, mainiacjoe_overflow_paths,
          grunt_ministairs_15
D:7:      cheibrodos_barr_body, layout_cave_pools,
          nicolae_overflow_crystal_walls, serial_gnoll_camp,
          gnoll_camp_medium_01, gnoll_camp_mini_basic, gnoll_camp_huts_basic,
          gnoll_camp_mini_hut
D:8:      layout_basic, nicolae_dithmenos_the_darkroom, lemuel_crystal_altar,
          minmay_joined_circles, uniq_joseph
D:9:      layout_long_grid, david_lair_generic, orc_0_dummy
D:10:     layout_long_grid, kennysheep_mini_moat, kennysheep_generic_room_9
D:11:     layout_gridville, portal_ice_cave_entry_ice_simulacra, corner_web_ring
D:12:     layout_basic, uniq_nergalle, uniq_josephine
D:13:     layout_loops_ring, david_vaults_5, st_stairs_9, wad_mini_maze,
          uniq_kirke, uniq_jorgrun
D:14:     layout_roguey, nemelex_lonely_heart_becter
D:15:     hangedman_depths_entry_civil_slaughter, layout_layer_cave,
          serial_glass, glass_columns_c, glass_columns_a, drop_trap,
          nicolae_kikubaaqudgha_miasma_corner
Temple:   nicolae_temple_bog_church
Lair:1:   layout_loops_ring, roderic_batcave, serial_bayou_ford_a
Lair:2:   layout_regular_city, gammafunk_ghost_cemetery
Lair:3:   layout_small_grid, shoals_dummy_entry, nicolae_snake_entry_squirm
Lair:4:   layout_cave_pods, dpeg_slime_entry_corner, gauntlet_entry_generic,
          ebering_ghost_xom, minmay_shattered_shrine
Lair:5:   evilmike_catoblepas_cave, layout_concentric_octagons, st_stairs_9
Shoals:1: layout_shoals, serial_shops, shop, nicolae_shop_waterfront, shop,
          shop, st_shoals_ruin, uniq_aizul
Shoals:2: layout_shoals, nicolae_shoals_this_corrosion, uniq_nikola
Shoals:3: layout_shoals, nicolae_shop_vocational
Shoals:4: shoals_end_grunt_ice, layout_shoals, serial_shops, shop,
          uniq_mlioglotl
Snake:1:  layout_onion, nicolae_snake_boneroom
Snake:2:  layout_misc_corridors, nicolae_shop_overcharged_wands,
          nicolae_triple_integral
Snake:3:  layout_cave_pods, basic_altar, statue_in_the_mist_lemuel,
          nicolae_snake_serpentine_bazaar, grunt_megastairs_2
Snake:4:  grunt_snake_rune_pools, layout_onion, grunt_megastairs_4,
          serial_bayou_shore_a, uniq_vashnia
Orc:1:    layout_caves, basic_altar
Orc:2:    grunt_orc_community_town_hall, layout_caves,
          grunt_orc_community_big_house_1, grunt_orc_community_big_house_2,
          grunt_orc_community_house_2, grunt_orc_community_house_1,
          grunt_orc_community_house_2, grunt_orc_community_house_2,
          grunt_orc_community_house_1, uniq_urug

Skill      XL: |  1  2  3  4  5  6  7  8  9 10 11 12 13 14 15 16 17 |
---------------+----------------------------------------------------+-----
Conjurations   | 5 6 7 8 10 12 13 15 16 17 18 | 18.3
Hexes          | 2 3 7 |  7.5
Dodging        | 3 4 5 6 7 10 12 13 14 16 17 | 17.4
Air Magic      | 3 4 7 10 11 | 11.1
Poison Magic   | 4 |  4.9
Spellcasting   | 5 6 9 10 11 13 | 13.5
Shields        | 4 |  4.2
Fighting       | 3 5 7 10 | 10.0
Summonings     | 5 9 10 11 | 11.1
Stealth        | 4 |  4.6
Armour         | 2 |  2.7
Fire Magic     | 1 2 |  2.8

Action                     |  1- 3 |  4- 6 |  7- 9 | 10-12 | 13-15 | 16-18 || total
---------------------------+-------+-------+-------+-------+-------+-------++-------
  Melee: Short sword       |     2 |       |       |       |     4 |     9 ||    15
         Dagger            |       |    15 |     2 |       |       |       ||    17
         Punch             |       |     1 |     1 |       |       |       ||     2
         Trident           |       |       |    11 |    80 |   215 |     6 ||   312
         Unarmed           |       |       |       |       |     1 |       ||     1
         Falchion          |       |       |       |       |       |    24 ||    24
   Cast: Magic Dart        |    86 |    79 |   142 |    52 |    87 |       ||   446
         Searing Ray       |     2 |    23 |    94 |   127 |    59 |       ||   305
         Dazzling Flash    |       |       |     7 |     3 |     3 |       ||    13
         Mephitic Cloud    |       |       |    45 |   111 |   194 |    23 ||   373
         Ignite Poison     |       |       |     7 |    54 |   106 |    18 ||   185
         Fulminant Prism   |       |       |       |    70 |   116 |    40 ||   226
         Flame Wave        |       |       |       |    15 |    22 |     4 ||    41
         Swiftness         |       |       |       |     4 |     8 |       ||    12
         Spellforged Servi |       |       |       |       |    25 |    82 ||   107
         Airstrike         |       |       |       |       |    93 |   144 ||   237
  Evoke: Wand              |       |       |       |     7 |     7 |     3 ||    17
    Use: Scroll            |     5 |     3 |    13 |    11 |     6 |     4 ||    42
         Potion            |       |     2 |     1 |    11 |     3 |     2 ||    19
   Stab: Distracted        |       |       |       |     1 |     1 |       ||     2
         Invisible         |       |       |       |     1 |       |       ||     1
         Confused          |       |       |       |     1 |     3 |     1 ||     5
         Sleeping          |       |       |       |       |     2 |       ||     2
 Armour: Robe              |     3 |     7 |    20 |     2 |       |       ||    32
         Steam dragon scal |       |       |    10 |    54 |   132 |    60 ||   256
         Skin              |       |       |       |    29 |       |       ||    29
  Dodge: Dodged            |     4 |    31 |   144 |   382 |   450 |   258 ||  1269
  Block: Buckler           |       |       |       |    51 |   137 |    57 ||   245

Table legend: (Time is in decaauts)
 A = Elapsed time spent in this place.
 B = Non-inter-level travel time spent in this place.
 C = Inter-level travel time spent in this place.
 D = Time resting spent in this place.
 E = Time spent auto-exploring this place.
 F = Levels seen in this place.
 G = Mean time per level.
                   A        B        C        D        E       F      G
               +--------+--------+--------+--------+--------+-----+--------+
         Total |  62462 |  55415 |   7047 |  26216 |  16501 |  33 | 1892.8 |
       Dungeon |  30030 |  26390 |   3640 |  11981 |   8271 |  15 | 2002.0 |
        Temple |      1 |      1 |      0 |      0 |      0 |   1 |    1.0 |
          Lair |  12549 |  11030 |   1519 |   4976 |   3711 |   5 | 2509.8 |
        Shoals |   6343 |   5622 |    721 |   3137 |   1248 |   4 | 1585.8 |
     Snake Pit |   6923 |   6085 |    838 |   2953 |   2140 |   4 | 1730.8 |
  Orcish Mines |   3573 |   3245 |    328 |   1604 |    802 |   2 | 1786.5 |
         Sewer |    504 |    504 |      0 |    182 |    101 |   1 |  504.0 |
      Ice Cave |   2535 |   2535 |      0 |   1383 |    227 |   1 | 2535.0 |
               +--------+--------+--------+--------+--------+-----+--------+

Top non-repeatable levels by time:
  Lair:5: 3396 daAuts
     D:7: 3367 daAuts
     D:6: 3336 daAuts
     D:8: 3149 daAuts
  Lair:3: 2978 daAuts
 Snake:1: 2726 daAuts
 Snake:3: 2669 daAuts
Shoals:1: 2544 daAuts
   IceCv: 2535 daAuts
  Lair:4: 2529 daAuts
    D:13: 2474 daAuts
     D:9: 2389 daAuts
   Orc:2: 2241 daAuts
Shoals:2: 2123 daAuts
     D:2: 2040 daAuts
